 Dungeon Crawl Stone Soup version 0.18.1-50-g88ac8fd (webtiles) character file.

5422 Larett the Cleaver (level 10, -15/46 HPs)
             Began as a Spriggan Assassin on Oct 16, 2016.
             Was an Initiate of Gozag.
             Demolished by a spiny frog (23 damage)
             ... on level 9 of the Dungeon.
             The game lasted 00:36:30 (12845 turns).

Larett the Cleaver (Spriggan Assassin)             Turns: 12845, Time: 00:36:31

Health: -15/46     AC:  4    Str:  7    XL:     10   Next: 40%
Magic:  11/11      EV: 26    Int: 14    God:    Gozag
Gold:   925        SH:  0    Dex: 20    Spells: 0 memorised, 9 levels left

rFire  . . .     SeeInvis +     a - +7 hand axe of Apyujops {flame, rN+}
rCold  . . .     Gourm    .     c - +0 robe
rNeg   + . .     Faith    .     (shield restricted)
rPois  +         Spirit   .     (helmet restricted)
rElec  +         Dismiss  .     u - +1 cloak {rPois}
rCorr  .         Reflect  .     (gloves unavailable)
SustAt .         Harm     .     (boots unavailable)
MR     +....                    (no amulet)
Stlth  +++++.....               (no ring)
                                (no ring)

@: very quick, somewhat resistant to hostile enchantments, quite stealthy
A: unfitting armour, see invisible, herbivore 3, speed 3, electricity
resistance, slow metabolism 2
a: Potion Petition, Call Merchant, Bribe Branch, Renounce Religion


You were on level 9 of the Dungeon.
You worshipped Gozag.
Gozag was noncommittal.
You were hungry.

You visited 3 branches of the dungeon, and saw 11 of its levels.

You collected 1149 gold pieces.
You spent 78 gold pieces at shops.
You paid 146 gold pieces to Gozag.

Inventory:

Hand Weapons
 a - the +7 hand axe of Apyujops (weapon) {flame, rN+}
   (You found it on level 5 of the Dungeon)

   It has been specially enchanted to burn those struck by it, causing extra
   injury to most foes and up to half again as much damage against particularly
   susceptible opponents.
   Big, fiery blades are also staple armaments of hydra-hunters.
   It protects you from negative energy.
 b - a +0 blowgun
 o - a +0 shortbow
 s - a -1 hunting sling
 t - a +4 quarterstaff of chaos
 y - a +2 whip of venom
 E - a +1 dagger of venom
 P - a +2 dagger of speed
Missiles
 e - 67 poisoned needles
 f - 5 curare-tipped needles
 k - 205 stones (quivered)
 p - 3 arrows
 I - 49 sling bullets
Armour
 c - a +0 robe (worn)
 u - a +1 cloak of poison resistance (worn)
Jewellery
 r - an uncursed ring of ice
 C - an uncursed amulet of rage
 D - an uncursed amulet of harm
Wands
 l - a wand of iceblast (5/15)
 m - a wand of random effects (27/48)
 L - a wand of disintegration (8/24)
 N - a wand of iceblast (10/15)
Scrolls
 d - 2 scrolls of recharging
 h - a scroll of remove curse
 i - a scroll of noise {unknown}
 n - a scroll of immolation {unknown}
 w - a scroll of fog
 x - 2 scrolls of blinking
 z - 7 scrolls of teleportation
 A - a scroll of fear
 K - a scroll of identify
Potions
 j - 2 potions of flight
 q - a potion of curing
 v - 2 potions of cure mutation {!q}
 B - 4 potions of resistance
 F - a potion of agility {unknown}
 G - 2 potions of brilliance
 H - a potion of berserk rage {unknown}
 J - a potion of magic
 Q - a potion of invisibility {unknown}
Comestibles
 g - 5 bread rations


   Skills:
 - Level 1.5 Fighting
 - Level 2.1 Short Blades
 + Level 10.5 Axes
 - Level 5.7(6.0) Slings
 - Level 2.0(3.6) Throwing
 - Level 9.2 Dodging
 - Level 8.6 Stealth


You had 9 spell levels left.
You didn't know any spells.

Dungeon Overview and Level Annotations

Branches:
Dungeon (9/15)             Temple (1/1) D:5            Lair (1/8) D:9
    Orc: D:9-12

Altars:
Ashenzari
Cheibriados
Dithmenos
Fedhas
Gozag
Kikubaaqudgha
Makhleb
Nemelex Xobeh
Okawaru
Pakellas
Qazlal
Ru
Sif Muna
Trog
Vehumet
Xom
Yredelemnul
Zin
The Shining One

Shops:
D:5 *   D:6 }   D:8 [


Innate Abilities, Weirdness & Mutations

You are tiny and cannot use many weapons and most armour.
You have supernaturally acute eyesight.
You are a herbivore.
You cover ground extremely quickly.
You need consume almost no food.
You are resistant to electric shocks.


Message History

Ouch! That really hurt!
* * * LOW HITPOINT WARNING * * *
You hit the spiny frog but do no damage.
The spiny frog is lightly wounded.
The spiny frog stings you!
* * * LOW HITPOINT WARNING * * *
You hit the spiny frog. You burn the spiny frog.
The spiny frog is moderately wounded.
The spiny frog misses you.
There is a staircase back to the Dungeon here.
The spiny frog completely misses you.
You climb upwards.
Welcome back to the Dungeon!
A killer bee comes into view.
There is a staircase to the Lair here.
Drink which item? (? for menu, Esc to quit)
Okay, then.
The spiny frog stings you!!
Ouch! That really hurt!
You die...
Your body crumbles into a pile of gold.

.#.>...........[......
#..#.######..........
#..#.# #.......... #..#.#
#.......... #..#.#
#.......... #..#.#
#.......... #..#.#
####..........
######.#.###....#########
........i.y.....#
######>F###....#
#.)....###....#
#.#....y......#
#.#.######......
#................
###.######.......# #.#
####....# #.#


You could see a spiny frog and 2 killer bees.

Vanquished Creatures
  A troll (D:9)
  2 hungry ghosts
  An ice beast (D:6)
  4 sky beasts
  A black bear (D:7)
  An orc warrior (D:7)
  6 ogres
  3 phantoms
  4 centaurs
  The ghost of jujuben the Slasher, an amateur HEGl (D:3)
  4 big kobolds
  3 giant frogs
  2 gnoll sergeants (D:7)
  3 scorpions
  18 killer bees
  4 crimson imps
  7 hounds
  A centaur skeleton (D:6)
  Crazy Yiuf (D:2)
  4 jellies
  3 orc priests
  8 orc wizards
  A gnoll shaman (D:7)
  2 iguanas
  10 worker ants
  A hound skeleton (D:7)
  12 adders
  17 gnolls
  2 shadow imps
  An adder zombie (D:7)
  2 oozes
  An adder skeleton (D:6)
  2 worms
  4 dart slugs
  6 giant geckos
  25 orcs
  4 bats
  8 giant cockroaches
  6 goblins
  10 hobgoblins
  5 quokkas
  A ball python (D:2)
  A giant gecko zombie (D:6)
  6 giant newts
  26 kobolds
  A quokka skeleton (D:8)
  9 rats
245 creatures vanquished.

Vanquished Creatures (collateral kills)
  A worker ant (D:4)
  An orc (D:4)
2 creatures vanquished.

Vanquished Creatures (others)
  A gnoll (D:7)
  A quokka (D:9)
  A plant (D:7)
3 creatures vanquished.

Grand Total: 250 creatures vanquished

Notes
Turn   | Place    | Note
--------------------------------------------------------------
     0 | D:1      | Larett the Spriggan Assassin began the quest for the Orb.
     0 | D:1      | Reached XP level 1. HP: 10/10 MP: 2/2
   115 | D:1      | Reached skill level 6 in Stealth
   356 | D:1      | Reached XP level 2. HP: 14/14 MP: 3/3
   619 | D:1      | Reached skill level 7 in Stealth
  1245 | D:2      | Reached XP level 3. HP: 18/18 MP: 4/4
  1332 | D:2      | HP: 3/18 [poisoned by an adder]
  1665 | D:2      | Reached skill level 8 in Stealth
  2249 | D:2      | Reached XP level 4. HP: 22/22 MP: 5/5
  2583 | D:2      | Reached skill level 2 in Dodging
  2933 | D:2      | Noticed Crazy Yiuf
  2995 | D:2      | Killed Crazy Yiuf
  2995 | D:2      | Reached skill level 3 in Dodging
  3112 | D:3      | Reached skill level 4 in Dodging
  3158 | D:3      | Noticed jujuben's ghost (amateur HEGl)
  3165 | D:3      | Killed jujuben's ghost
  3165 | D:3      | Reached skill level 5 in Dodging
  3165 | D:3      | Reached XP level 5. HP: 25/25 MP: 6/6
  3316 | D:3      | Reached skill level 6 in Dodging
  3691 | D:3      | Found a glowing golden altar of the Shining One.
  3693 | D:3      | Reached XP level 6. HP: 30/30 MP: 7/7
  3870 | D:4      | Reached skill level 7 in Dodging
  4119 | D:4      | Reached skill level 8 in Dodging
  4369 | D:4      | Found an oddly glowing altar of Pakellas.
  4478 | D:4      | Found a burning altar of Makhleb.
  4479 | D:4      | Found a shimmering altar of Xom.
  4581 | D:4      | Noticed a hungry ghost
  4657 | D:4      | Reached skill level 9 in Dodging
  4657 | D:4      | Reached XP level 7. HP: 16/33 MP: 8/8
  4891 | D:3      | Killed a hungry ghost
  4891 | D:3      | Reached skill level 3 in Slings
  5026 | D:5      | Entered Level 5 of the Dungeon
  5148 | D:5      | Found a staircase to the Ecumenical Temple.
  5289 | D:5      | Reached skill level 4 in Slings
  5399 | D:5      | Found Nixaohy's Assorted Antiques.
  5402 | D:5      | Bought a scroll of remove curse for 78 gold pieces
  5428 | D:5      | Reached skill level 5 in Slings
  5661 | D:5      | Got a warped hand axe
  5662 | D:5      | Identified the +7 hand axe of Apyujops {flame, rN+} (You found it on level 5 of the Dungeon)
  5870 | D:6      | Found a shadowy altar of Dithmenos.
  5978 | D:6      | Reached skill level 1 in Axes
  5987 | D:6      | Reached XP level 8. HP: 21/37 MP: 9/9
  6139 | D:6      | Reached skill level 2 in Axes
  6232 | D:6      | Found Ypiptel's Gadget Shoppe.
  6364 | D:6      | Reached skill level 3 in Axes
  6833 | D:6      | Reached skill level 4 in Axes
  7276 | Temple   | Entered the Ecumenical Temple
  7391 | Temple   | Gained mutation: You are resistant to electric shocks. [potion of beneficial mutation]
  7806 | D:7      | Reached skill level 5 in Axes
  7978 | D:7      | HP: 6/37 [centaur/arrow (3)]
  7989 | D:7      | Found a shimmering altar of Xom.
  8023 | D:7      | HP: 5/37 [centaur/arrow (10)]
  8654 | D:7      | Reached skill level 6 in Axes
  8661 | D:7      | Reached XP level 9. HP: 32/41 MP: 10/10
  8960 | Temple   | Became a worshipper of Gozag Ym Sagoz the Greedy
  9152 | D:7      | Reached skill level 7 in Axes
  9609 | D:7      | HP: 5/41 [killer bee (7)]
  9900 | D:7      | Reached skill level 8 in Axes
 10356 | D:7      | Found an ancient bone altar of Kikubaaqudgha.
 10812 | D:8      | Reached skill level 9 in Axes
 11171 | D:8      | Found Miuxar's Armour Emporium.
 11311 | D:8      | Found a sparkling altar of Nemelex Xobeh.
 11455 | D:8      | Reached XP level 10. HP: 46/46 MP: 11/11
 12094 | D:9      | Reached skill level 10 in Axes
 12417 | D:9      | Found a blossoming altar of Fedhas.
 12800 | D:9      | Found a staircase to the Lair.
 12836 | Lair:1   | Entered Level 1 of the Lair of Beasts
 12836 | Lair:1   | Noticed a spiny frog
 12840 | Lair:1   | HP: 7/46 [spiny frog (9)]
 12845 | D:9      | Demolished by a spiny frog

Skill      XL: |  1  2  3  4  5  6  7  8  9 10 |
---------------+-------------------------------+-----
Stealth        | 6 7 8 |  8.6
Dodging        | 5 6 9 |  9.2
Slings         | 5 |  5.7
Axes           | 1 6 9 10 | 10.5
Fighting       | |  1.5
Short Blades   | |  2.1
Throwing       | |  2.0

Action                   |  1- 3 |  4- 6 |  7- 9 | 10-12 || total
-------------------------+-------+-------+-------+-------++-------
Melee: Dagger            |    38 |    39 |    28 |       ||   105
       Quarterstaff      |       |   102 |    38 |       ||   140
       Hand axe          |       |       |   327 |   109 ||   436
 Fire: Hunting sling     |    25 |    32 |     9 |       ||    66
       Blowgun           |    16 |    39 |    56 |       ||   111
Evoke: Wand              |       |       |     2 |     1 ||     3
  Use: Scroll            |     8 |     2 |    12 |     1 ||    23
       Potion            |       |       |     5 |       ||     5
 Stab: Sleeping          |     8 |    19 |    28 |     4 ||    59
       Distracted        |       |     1 |     3 |     1 ||     5
       Petrifying        |       |     2 |       |       ||     2
  Eat: Bread ration      |       |     1 |       |       ||     1
       Fruit             |       |       |     2 |       ||     2
       Pizza             |       |       |     2 |     1 ||     3
       Royal jelly       |       |       |     1 |       ||     1
Armor: Robe              |     1 |    11 |    21 |     2 ||    35
Dodge: Dodged            |    31 |   129 |   359 |    89 ||   608
